 Dungeon Crawl Stone Soup version 0.19-a0-1468-ge013c26 (webtiles) character file.

462 sveltemanboy the Slasher (level 7, -4/69 HPs)
             Began as a Human Fighter on Sept 7, 2016.
             Was an Initiate of Hepliaklqana.
             Slain by stickyfingers's ghost (7 damage)
             ... on level 4 of the Dungeon.
             The game lasted 00:10:09 (3502 turns).

sveltemanboy the Slasher (Human Fighter)            Turns: 3502, Time: 00:10:09

Health: -4/69      AC: 23    Str: 18    XL:     7   Next: 28%
Magic:  9/9        EV:  2    Int:  9    God:    Hepliaklqana [......]
Gold:   152        SH: 10    Dex: 17    Spells: 0 memorised, 6 levels left

rFire  . . .     SeeInvis .     a - +0 long sword
rCold  . . .     Gourm    .     (armour currently unavailable)
rNeg   + + +     Faith    .     c - +0 shield
rPois  +         Spirit   .     (helmet currently unavailable)
rElec  .         Dismiss  .     (cloak currently unavailable)
rCorr  .         Reflect  .     (gloves currently unavailable)
MR     +....     Harm     .     (boots currently unavailable)
Stlth  ++++...... NoTele   +    (no amulet)
                                y - ring of positive energy
                                u - ring of stealth

@: agile, tree-form
A: magic resistance 1, screaming 1, MP-powered wands
a: Recall Ancestor, Ancestor Identity, Renounce Religion


You were on level 4 of the Dungeon.
You worshipped Hepliaklqana.
Hepliaklqana was noncommittal.
You were not hungry.
You were a tree.
You visited 1 branch of the dungeon, and saw 4 of its levels.

You collected 152 gold pieces.

Inventory:

Hand Weapons
 a - a +0 long sword (weapon)
Missiles
 h - 201 stones
 l - 4 tomahawks (quivered)
Armour
 c - a +0 shield (worn)
 q - a +0 pair of boots (melded)
 s - a +2 pair of gloves (melded)
 w - a +1 ring mail of fire resistance
 B - the +3 leather armour of a Thousand Planets (melded) {rCorr Dex+2}
   (You found it on level 4 of the Dungeon)

   It affects your dexterity (+2).
   It protects you from acid and corrosion.
 C - a cursed +0 cloak (melded)
Jewellery
 u - a ring of stealth (left branch)
 y - a ring of positive energy (right branch)
Wands
 n - a wand of lightning (9/15)
Scrolls
 e - 5 scrolls of remove curse {unknown}
 i - a scroll of immolation {unknown}
 j - 3 scrolls of teleportation {unknown}
 k - 3 scrolls of magic mapping {unknown}
 m - a scroll of random uselessness {unknown}
 p - a scroll of fog {unknown}
 t - 2 scrolls of identify {unknown}
 A - a scroll of noise {unknown}
 D - a scroll of enchant weapon {unknown}
Potions
 g - a potion of flight
Comestibles
 f - a bread ration
 o - a beef jerky
 r - a chunk of flesh
 v - 4 fruits
 z - 3 meat rations


   Skills:
 - Level 3.0 Fighting
 * Level 5.7 Long Blades
 - Level 3.0 Armour
 + Level 4.8 Shields
 + Level 2.7 Invocations


You had 6 spell levels left.
You didn't know any spells.

Dungeon Overview and Level Annotations

Branches:
Dungeon (4/15)
 Temple: D:4-7

Altars:
Hepliaklqana
Zin

Annotations:
D:4 stickyfingers's ghost, amateur HOMo


Innate Abilities, Weirdness & Mutations

You are resistant to hostile enchantments. (MR+)
You occasionally shout uncontrollably at your foes.
You expend magic power (3 MP) to strengthen your wands.


Message History

Stickyfingers's ghost makes a sound of rattling chains.
Stickyfingers's ghost hits Sander!
Sander closely misses stickyfingers's ghost.
You completely miss stickyfingers's ghost.
Stickyfingers's ghost is severely damaged.
You block stickyfingers's ghost's attack.
Sander misses stickyfingers's ghost.
You miss stickyfingers's ghost.
Stickyfingers's ghost is severely damaged.
You block stickyfingers's ghost's attack.
Sander hits stickyfingers's ghost!
Stickyfingers's ghost misses Sander.
You hit stickyfingers's ghost but do no damage.
Stickyfingers's ghost is severely damaged.
Sander hits stickyfingers's ghost but does no damage.
You block stickyfingers's ghost's attack.
You hit stickyfingers's ghost.
Stickyfingers's ghost is almost destroyed.
Sander hits stickyfingers's ghost but does no damage.
Stickyfingers's ghost hits you!
You die...

##...#
#####.#.########..
.....###..... ....
#####.#.##.####..#
##.).....[#..#
##.........#..###
##..........#..(.
..............##W#
####...........R♣#
..........)..####
.............#
.##############


You could see the friendly Sander the ancestor and stickyfingers's ghost.

Vanquished Creatures
  The ghost of sveltemanboy the Slasher, a novice HuFi (D:3)
  4 adders
  A worm (D:2)
  5 giant geckos
  2 orcs (D:3)
  4 bats
  5 giant cockroaches
  10 goblins
  4 hobgoblins
  3 jackals (D:3)
  5 kobolds
  A quokka (D:3)
  4 giant newts
  10 rats
59 creatures vanquished.

Vanquished Creatures (collateral kills)
  A giant frog (D:3)
  An adder (D:3)
  An orc (D:4)
  A bat (D:3)
  A hobgoblin (D:3)
  A goblin (D:3)
6 creatures vanquished.

Grand Total: 65 creatures vanquished

Notes
Turn   | Place    | Note
-------+----------+-------------------------------------------
     0 | D:1      | sveltemanboy the Human Fighter began the quest for the Orb.
     0 | D:1      | Reached XP level 1. HP: 18/18 MP: 1/1
   112 | D:1      | Reached XP level 2. HP: 24/24 MP: 2/2
   483 | D:1      | Reached XP level 3. HP: 29/29 MP: 3/3
   559 | D:1      | Reached skill level 3 in Long Blades
  1033 | D:2      | Reached XP level 4. HP: 3/35 MP: 4/4
  1632 | D:2      | Found a glowing silver altar of Zin.
  1977 | D:2      | Reached skill level 4 in Long Blades
  2271 | D:3      | Noticed a giant frog
  2432 | D:3      | Reached XP level 5. HP: 41/41 MP: 5/5
  2567 | D:3      | Found a hazy altar of Hepliaklqana.
  2573 | D:3      | Became a worshipper of Hepliaklqana
  2605 | D:3      | Killed a giant frog
  2943 | D:3      | Noticed sveltemanboy's ghost (novice HuFi)
  2972 | D:3      | Killed sveltemanboy's ghost
  2972 | D:3      | Reached skill level 5 in Long Blades
  2972 | D:3      | Reached XP level 6. HP: 42/42 MP: 5/7
  2972 | D:3      | Reached XP level 7. HP: 46/46 MP: 5/8
  3417 | D:4      | Got a bloodstained leather armour
  3432 | D:4      | Identified the +3 leather armour of a Thousand Planets {rCorr Dex+2} (You found it on level 4 of the Dungeon)
  3473 | D:4      | Noticed stickyfingers's ghost (amateur HOMo)
  3493 | D:4      | Gained mutation: You are resistant to hostile enchantments. (MR+) [potion of mutation]
  3493 | D:4      | Gained mutation: You expend magic power (3 MP) to strengthen your wands. [potion of mutation]
  3493 | D:4      | Gained mutation: You occasionally shout uncontrollably at your foes. [potion of mutation]
  3497 | D:4      | HP: 2/69 [stickyfingers's ghost (7)]
  3502 | D:4      | Slain by stickyfingers's ghost

Vault maps used:
D:1:      kennysheep_arrival_forest
D:2:      wad_pebble_path, nicolae_overflow_hidden_temple
D:3:      old_standard_altar

Skill      XL: |  1  2  3  4  5 |
---------------+----------------+-----
Long Blades    | 3 4 5 |  5.7
Shields        | 4 |  4.8
Invocations    | 2 |  2.7
Fighting       | |  3.0
Armour         | |  3.0

Action                   |  1- 3 |  4- 6 |  7- 9 || total
-------------------------+-------+-------+-------++-------
Melee: Long sword        |    81 |   134 |    35 ||   250
Throw: Tomahawk          |     9 |     9 |     2 ||    20
Invok: Ancestor Identity |       |     1 |       ||     1
  Use: Potion            |     3 |     4 |     3 ||    10
 Stab: Invisible         |       |     2 |     1 ||     3
  Eat: Chunk             |       |     6 |     3 ||     9
Armor: Scale mail        |    31 |    31 |       ||    62
       Ring mail         |       |     4 |     7 ||    11
       Skin              |       |       |     4 ||     4
       Leather armour    |       |       |     2 ||     2
Dodge: Dodged            |    18 |    33 |     8 ||    59
Block: Shield            |    16 |    46 |    17 ||    79
